 Dungeon Crawl Stone Soup version 0.31.0-1-g2c135a008e (webtiles) character file.

Game seed: 12863324174441708591

74 qw the Shooter (level 4, -7/35 HPs)
             Began as a Djinni Hunter on Jan 23, 2024.
             Killed by divine providence
             ... invoked by an orc priest
              (11 damage)
             ... on level 3 of the Dungeon.
             The game lasted 00:00:05 (1635 turns).

qw the Shooter (Djinni Hunter)                      Turns: 1635, Time: 00:00:05

Health: -7/35      AC:  5    Str: 20    XL:     4   Next: 54%
Gold:   138        EV: 11    Int: 10    God:
                   SH:  0    Dex: 17

rFire   + + .        a - +1 shortbow (elec)
rCold   x . .        (shield currently unavailable)
rNeg    . . .        k - +0 ring mail
rPois   inf          (no helmet)
rElec   .            (no cloak)
rCorr   .            (no gloves)
SInv    .            (boots unavailable)
Will    .....        (no amulet)
Stlth   +            e - +6 ring of strength
HPRegen 0.25/turn    (no ring)
MPRegen 0.00/turn

%: infuse magic (-8 HP)
@: flying
A: sickness immunity, fire resistance 2, cold vulnerability 1, float, innate
caster, HP casting, extra vitality 1, strong 1, no potion heal 1, subdued magic
1
a: no special abilities


You were on level 3 of the Dungeon.
You visited 1 branch of the dungeon, and saw 3 of its levels.

You collected 138 gold pieces.


Innate Abilities, Weirdness & Mutations

You are immune to sickness and miasma.
You are immune to poison.
Your flesh is very heat resistant. (rF++)
You are vulnerable to cold. (rC-)
You float through the air rather than walking.
You learn spells naturally, not from books.
Your magical power is your life essence.
You have superior vitality. (+4 MHP)
Your muscles are strong. (Str +4, Int/Dex -1)
Potions are less effective at restoring your health.
Your spells are a little easier to cast, but a little less powerful.


   Skills:
 - Level 3.1 Fighting
 - Level 4.0 Ranged Weapons
 - Level 1.1 Armour
 + Level 2.2 Dodging
 - Level 0.7 Stealth


You knew the following spells:

 Your Spells              Type           Power      Damage    Failure   Level
a - Freeze                Ice            0%         1d3       50%         1
Your spell library was empty.

Inventory:

Hand Weapons
 a - a +1 shortbow of electrocution (weapon)
Armour
 k - a +0 ring mail (worn)
Jewellery
 e - a +6 ring of strength (left hand)
Wands
 i - a wand of digging (7)
Scrolls
 b - a scroll of noise {unknown}
Potions
 g - 2 potions of haste
 j - a potion of curing
 l - 2 potions of enlightenment

Dungeon Overview and Level Annotations

Branches:
Dungeon (3/15)

Altars:


Message History

You shoot an arrow. The arrow hits the adder.
Lightning courses through the adder!
You kill the adder!
Your Armour skill increases to level 1!
You shoot an arrow. The arrow hits the orc.
The orc is moderately wounded.
The orc hits you but does no damage.
You shoot an arrow. The arrow closely misses the orc.
The orc closely misses you.
You shoot an arrow. The arrow hits the orc.
The orc is severely wounded.
You shoot an arrow. The arrow hits the orc.
Lightning courses through the orc!
You kill the orc!
The orc priest hits you but does no damage.
The orc priest closely misses you. x2
You shoot an arrow. The arrow barely misses the orc priest.
The orc priest hits you with a +0 falchion.
The orc priest hits you with a +0 hand axe.
You shoot an arrow.
The arrow closely misses the orc priest.
The orc priest closely misses you.
The orc priest hits you with a +0 hand axe.
You shoot an arrow.
The arrow closely misses the orc priest.
The orc priest barely misses you.
The orc priest hits you with a +0 hand axe.
The orc priest closely misses you.
The orc priest calls down the wrath of Beogh upon you.
You barely resist.
The orc priest hits you but does no damage.
The orc priest misses you.
You shoot an arrow.
The arrow hits the orc priest but does no damage.
The orc priest is moderately wounded.
The orc priest mumbles some strange prayers to Beogh against you.
Beogh smites you!
The orc priest hits you with a +0 hand axe.
The orc priest invokes the aid of Beogh against you.
Beogh smites you!
You die...

#..# ~...~~..~%.
#..###~~..~..~..
#...# ~~..~..~}.
#.#.# ~~...~.}~.
#.#.## ~~..~..~.
#.#..##~~~.w~..~
#.##..##.~..~...
#.###.##..~~....
#.....@#.$......
#####ooow.......
##..[#......
#.#.....)..
#..........
.........!.
......##+##o
.....#.#
.?...#.#


You could see 3 orc priests and a dart slug.

Vanquished Creatures
  Jessica (D:3)
  An adder (D:3)
  A dart slug (D:1)
  2 orcs (D:3)
  5 ball pythons
  5 endoplasms
  2 giant cockroaches (D:1)
  3 goblins (D:1)
  4 hobgoblins
  A quokka (D:1)
  3 bats
  A frilled lizard (D:1)
  A kobold (D:1)
  5 rats
35 creatures vanquished.

Notes
Turn   | Place    | Note
-------+----------+-------------------------------------------
     0 | D:1      | qw the Djinni Hunter began the quest for the Orb.
     0 | D:1      | Reached XP level 1. HP: 18/18 MP: 0/0
     0 | D:1      | 0 ||| qw: Version: 0.3-a-132-g3d54051
     0 | D:1      | 0 ||| qw: Game counter: 593
     0 | D:1      | 0 ||| qw: Melee chars always use a shield: true
     0 | D:1      | 0 ||| qw: God list: Okawaru
     0 | D:1      | 0 ||| qw: Allow faded altars: false
     0 | D:1      | 0 ||| qw: Do Orc after clearing Dungeon:15 true
     0 | D:1      | 0 ||| qw: Do second Lair branch before Depths: true
     0 | D:1      | 0 ||| qw: Lair rune preference: random
     0 | D:1      | 0 ||| qw: Goals: Normal
     0 | D:1      | 0 ||| PLANNING D:1-11
    68 | D:1      | Reached XP level 2. HP: 23/23 MP: 0/0
   231 | D:1      | Reached XP level 3. HP: 24/28 MP: 0/0
   231 | D:1      | Learned a level 1 spell: Freeze
   278 | D:1      | Reached skill level 4 in Ranged Weapons
   678 | D:1      | 678 ||| UPGRADING to +0 ring mail.
   688 | D:1      | 688 ||| DROPPING +0 leather armour.
   689 | D:1      | 689 ||| UPGRADING to +6 ring of strength.
   690 | D:1      | 690 ||| READING scroll labelled JOERAT RIXOEGE.
   691 | D:1      | 691 ||| READING scroll labelled HIM EFAECU.
   691 | D:1      | 691 ||| ENCHANTING +0 shortbow.
   692 | D:1      | 692 ||| READING scroll labelled OLOUQE SEAS.
   692 | D:1      | 692 ||| IDENTIFYING lumpy brown potion
   693 | D:1      | 693 ||| DRINKING potion of mutation.
   693 | D:1      | Gained mutation: Your muscles are strong. (Str +4, Int/Dex
                  | -1) [potion of mutation]
   693 | D:1      | Gained mutation: Potions are less effective at restoring
                  | your health. [potion of mutation]
   693 | D:1      | Gained mutation: Your spells are a little easier to cast,
                  | but a little less powerful. [potion of mutation]
   694 | D:1      | 694 ||| DROPPING scroll of butterflies.
  1363 | D:2      | 1363 ||| DROPPING ring of wizardry.
  1364 | D:2      | 1364 ||| READING 3 scrolls of identify.
  1364 | D:2      | 1364 ||| IDENTIFYING fizzy purple potion
  1365 | D:2      | 1365 ||| READING 2 scrolls of identify.
  1365 | D:2      | 1365 ||| IDENTIFYING clear potion
  1366 | D:2      | 1366 ||| READING scroll of identify.
  1366 | D:2      | 1366 ||| IDENTIFYING golden potion
  1367 | D:2      | 1367 ||| READING scroll labelled GOBIANL QACRA.
  1368 | D:2      | 1368 ||| FLEEEEING.
  1419 | D:2      | 1419 ||| READING 2 scrolls labelled TON HAIXOEMI.
  1419 | D:2      | 1419 ||| BRANDING +0 shortbow.
  1420 | D:2      | 1420 ||| READING scroll of brand weapon.
  1420 | D:2      | 1420 ||| BRANDING +0 shortbow of flaming.
  1421 | D:2      | 1421 ||| READING scroll labelled DYRURUFUPH.
  1421 | D:2      | 1421 ||| ENCHANTING +0 shortbow of electrocution.
  1422 | D:2      | 1422 ||| DRINKING 2 grey potions.
  1423 | D:2      | 1423 ||| DROPPING potion of lignification.
  1492 | D:3      | Identified the +5 spear of Oloisch {drain, rF+}
  1519 | D:3      | Noticed Jessica
  1527 | D:3      | Killed Jessica
  1528 | D:3      | Reached skill level 3 in Fighting
  1528 | D:3      | Reached XP level 4. HP: 35/35 MP: 0/0
  1622 | D:3      | 1622 ||| RETREEEEATING.
  1624 | D:3      | 1624 ||| RETREEEEATING.
  1628 | D:3      | Reached skill level 1 in Armour
  1635 | D:3      | HP: 7/35 [orc priest/divine providence (13)]
  1635 | D:3      | Killed from afar by an orc priest

Levels and vault maps discovered:
D:1:      ebering_trefoil_3fold, layout_loops_ring, dk_noncrumbling_3
D:2:      layout_loops_ring
D:3:      cheibrodos_helix_gallery, layout_basic, uniq_jessica, uniq_grinder

Skill      XL: |  1  2  3  4 |
---------------+-------------+-----
Ranged Weapons | 4 |  4.0
Fighting       | 3 |  3.1
Armour         | 1 |  1.1
Dodging        | |  2.2
Stealth        | |  0.7

Action                     |  1- 3 |  4- 6 || total
---------------------------+-------+-------++-------
   Fire: Shortbow          |    63 |    24 ||    87
    Use: Scroll            |    10 |       ||    10
         Potion            |     2 |       ||     2
 Armour: Leather armour    |     6 |       ||     6
         Ring mail         |       |    10 ||    10
  Dodge: Dodged            |    14 |    10 ||    24

Table legend:
 A = Non-vault XP
 B = Vault XP
 C = Vault XP percentage of total XP
 D = Non-vault monster count
 E = Vault monster count
 F = Vault count percentage of total count
                 A         B        C        D         E       F
            +---------+---------+-------+---------+---------+-------
      Total |      57 |      50 |  46.7 |      33 |       2 |   5.7
            +---------+---------+-------+---------+---------+-------
        D:1 |      36 |       0 |   0.0 |      21 |       0 |   0.0
        D:2 |       7 |       0 |   0.0 |       5 |       0 |   0.0
        D:3 |      14 |      50 |  78.1 |       7 |       2 |  22.2
            +---------+---------+-------+---------+---------+-------
